 Dungeon Crawl Stone Soup version 0.19.1-1-g22dce08 (webtiles) character file.

449 Patate the Covert (level 6, -1/28 HPs)
             Began as a Spriggan Enchanter on Jan 2, 2017.
             Slain by a wight
             ... wielding a cursed +0 mace
              (3 damage)
             ... on level 3 of the Dungeon on Jan 4, 2017.
             The game lasted 00:17:37 (6128 turns).

Patate the Covert (Spriggan Enchanter)              Turns: 6128, Time: 00:17:38

Health: -1/28      AC:  4    Str:  6    XL:     6   Next: 74%
Magic:  6/11       EV: 19    Int: 16    God:
Gold:   143        SH:  0    Dex: 17    Spells: 3 memorised, 4 levels left

rFire  . . .     SeeInvis +     f - +2 dagger (speed)
rCold  . . .     Gourm    .     b - +1 robe
rNeg   . . .     Faith    .     (shield restricted)
rPois  .         Spirit   .     (helmet restricted)
rElec  .         Reflect  .     m - +0 cloak
rCorr  .         Harm     .     (gloves unavailable)
MR     +....                    (boots unavailable)
Stlth  ++++......               (no amulet)
                                (no ring)
                                (no ring)

@: heavily drained, very quick
A: unfitting armour, see invisible, herbivore 3, speed 3, slow metabolism 2
a: no special abilities


You were on level 3 of the Dungeon.
You were near starving.

You visited 1 branch of the dungeon, and saw 4 of its levels.

You collected 143 gold pieces.

Inventory:

Hand Weapons
 f - a +2 dagger of speed (weapon)
Armour
 b - a +1 robe (worn)
 m - a +0 cloak (worn)
Wands
 a - a wand of slowing (15/48)
 e - a wand of flame (20/48)
Scrolls
 g - a scroll of remove curse
 k - 2 scrolls of fear {unknown}
 p - 2 scrolls of identify {unknown}
 r - a scroll of amnesia {unknown}
Potions
 i - a potion of resistance {unknown}
 j - a potion of magic {unknown}
 l - a potion of curing
 n - a potion of heal wounds {unknown}
 o - 2 potions of flight {unknown}
 q - a potion of mutation {unknown}
 s - a potion of lignification {unknown}
 t - a potion of ambrosia {unknown}
 u - 2 potions of haste {unknown}
 v - a potion of beneficial mutation {unknown}
Books
 c - a book of Maledictions

   Spells                             Type                      Level
   a - Corona                         Hexes                        1
   b - Ensorcelled Hibernation        Hexes/Ice                    2
   c - Confuse                        Hexes                        3
   d - Tukima's Dance                 Hexes                        3
   e - Dazzling Spray                 Conjuration/Hexes            3
Comestibles
 d - 3 bread rations


   Skills:
 + Level 2.5(0.8) Short Blades
 + Level 6.3(4.3) Dodging
 * Level 9.5(7.4) Stealth
 - Level 2.6(0.9) Spellcasting
 - Level 3.6(1.8) Hexes


You had 4 spell levels left.
You knew the following spells:

 Your Spells              Type           Power        Failure   Level  Hunger
a - Corona                Hex            #......      12%         1    ##.....
b - Ensorcelled Hibernat  Hex/Ice        #.....       24%         2    ###....
c - Confuse               Hex            #.......     34%         3    ####...


Dungeon Overview and Level Annotations

Branches:
Dungeon (4/15)
 Temple: D:4-7

Altars:
Ashenzari
Elyvilon
Hepliaklqana
Nemelex Xobeh
Okawaru
Sif Muna
Trog


Innate Abilities, Weirdness & Mutations

You are very small and have problems with some larger weapons.
You are too small for most types of armour.
You have supernaturally acute eyesight. (SInv)
You are a herbivore.
You cover ground extremely quickly.
You need consume almost no food.


Message History

You hit the wight.
The wight is almost destroyed.
The wight hits you with a mace!
* * * LOW HITPOINT WARNING * * *
You feel drained.
* * * LOW HITPOINT WARNING * * *
You hit the wight but do no damage.
The wight is almost destroyed.
You feel better. The wight hits you but does no damage.
You hit the wight but do no damage.
The wight is almost destroyed.
The wight barely misses you.
You hit the wight.
The wight is almost destroyed.
You closely miss the wight.
The wight is almost destroyed.
The wight hits you with a mace.
* * * LOW HITPOINT WARNING * * *
You feel drained.
You die...

##.##...##.#.........####...##
##.........##.......## ##..#
.......#######.....## ##.###
######.# ##...## #...# #.#
####'## ###.# #.######....#
#.# #...........# #.#
########....## #.# ##.z@.##
#.# #.....# #.# ##...## #.#
##..###########.#
##.............#
###############


You could see a wight.

Vanquished Creatures
  An orc warrior (D:3)
  A hound (D:4)
  An iguana (D:4)
  2 orc wizards (D:3)
  A worker ant (D:4)
  Robin (D:4)
  6 adders
  5 gnolls
  A howler monkey skeleton (D:4)
  2 oozes (D:1)
  An adder skeleton (D:3)
  2 worms
  2 dart slugs
  4 orcs (D:3)
  A ball python (D:1)
  2 giant cockroaches
  15 goblins
  13 hobgoblins
  2 jackals (D:2)
  2 quokkas
  5 bats
  4 frilled lizards
  7 kobolds
  9 rats
90 creatures vanquished.

Notes
Turn   | Place    | Note
-------+----------+-------------------------------------------
     0 | D:1      | Patate the Spriggan Enchanter began the quest for the Orb.
     0 | D:1      | Reached XP level 1. HP: 9/9 MP: 5/5
   210 | D:1      | Reached skill level 5 in Stealth
   386 | D:1      | Reached XP level 2. HP: 13/13 MP: 6/6
   860 | D:1      | Reached XP level 3. HP: 16/16 MP: 8/8
  1197 | D:2      | Reached skill level 6 in Stealth
  1387 | D:2      | Found an iron altar of Okawaru.
  1754 | D:1      | Learned a level 2 spell: Ensorcelled Hibernation
  1758 | D:1      | Learned a level 3 spell: Confuse
  2179 | D:2      | Found a sparkling altar of Nemelex Xobeh.
  2388 | D:2      | Reached XP level 4. HP: 21/21 MP: 6/9
  2410 | D:2      | Reached skill level 7 in Stealth
  2431 | D:2      | Found a shattered altar of Ashenzari.
  2889 | D:2      | Found a white marble altar of Elyvilon.
  2959 | D:2      | Found a faded altar of an unknown god.
  2959 | D:2      | Found a faded altar of an unknown god.
  2966 | D:2      | Found a faded altar of an unknown god.
  2968 | D:2      | Found a faded altar of an unknown god.
  2969 | D:2      | Found a hazy altar of Hepliaklqana.
  3244 | D:3      | Found a bloodstained altar of Trog.
  3337 | D:3      | Found a deep blue altar of Sif Muna.
  3597 | D:3      | Reached skill level 5 in Dodging
  3597 | D:3      | Reached XP level 5. HP: 24/24 MP: 7/10
  3901 | D:4      | Reached skill level 8 in Stealth
  4007 | D:4      | Noticed Robin
  4036 | D:4      | Killed Robin
  4042 | D:4      | Reached XP level 6. HP: 25/28 MP: 3/11
  4614 | D:3      | Reached skill level 9 in Stealth
  4800 | D:3      | Noticed an orc warrior
  4838 | D:3      | Killed an orc warrior
  6123 | D:3      | HP: 1/28 [wight/mace (3)]
  6128 | D:3      | Slain by a wight

Skill      XL: |  1  2  3  4  5  6 |
---------------+-------------------+-----
Stealth        | 5 6 7 8 9 |  9.5
Dodging        | 4 5 6 |  6.3
Short Blades   | 2 |  2.5
Spellcasting   | |  2.6
Hexes          | |  3.6

Action                   |  1- 3 |  4- 6 || total
-------------------------+-------+-------++-------
Melee: Dagger            |   176 |   305 ||   481
 Cast: Ensorcelled Hiber |     4 |    20 ||    24
       Confuse           |       |    11 ||    11
  Use: Potion            |     4 |     1 ||     5
       Scroll            |       |     4 ||     4
 Stab: Sleeping          |    12 |    20 ||    32
       Confused          |       |     3 ||     3
       Distracted        |       |     1 ||     1
  Eat: Pizza             |       |     3 ||     3
Armor: Robe              |    14 |    12 ||    26
Dodge: Dodged            |   134 |   122 ||   256
